 Dungeon Crawl Stone Soup version 0.32-a0-685-g93135e86f0 (webtiles) character file.

Game seed: 2090945863042141677

410 Juicyj the Trooper (level 6, 0/56 HPs)
             Began as a Minotaur Fighter on Mar 12, 2024.
             Slain by an adder (2 damage)
             ... on level 3 of the Dungeon.
             The game lasted 00:03:17 (1816 turns).

Juicyj the Trooper (Minotaur Fighter)               Turns: 1816, Time: 00:03:18

Health: 0/56       AC:  7    Str: 23    XL:     6   Next: 58%
Magic:  5/5        EV:  9    Int:  5    God:
Gold:   53         SH:  5    Dex:  9    Spells: 5/5 levels left

rFire   . . .        a - +0 war axe
rCold   . . .        c - +0 buckler
rNeg    . . .        b - +0 scale mail
rPois   .            (helmet restricted)
rElec   .            (no cloak)
rCorr   .            (no gloves)
SInv    .            (no boots)
Will    .....        (no amulet) Stlth
                     (no ring)
HPRegen 0.29/turn    (no ring)
MPRegen 0.09/turn

%: no passive effects
@: no status effects
A: horns 2, retaliatory headbutt
a: no special abilities


You were on level 3 of the Dungeon.
You visited 1 branch of the dungeon, and saw 3 of its levels.

You collected 53 gold pieces.

Inventory:

Hand Weapons
 a - a +0 war axe (weapon)
Armour
 b - a +0 scale mail (worn)
 c - a +0 buckler (worn)
Jewellery
 g - a +6 ring of intelligence
Talismans
 m - a beast talisman
Wands
 h - a wand of warping (10)
 r - a wand of flame (12)
Scrolls
 k - a scroll of identify {unknown}
 l - a scroll of enchant armour {unknown}
 o - a scroll of brand weapon {unknown}
 p - a scroll of torment {unknown}
 q - a scroll of teleportation {unknown}
 s - a scroll of fear {unknown}
Potions
 d - a potion of might
 e - a potion of experience {unknown}
 f - 2 potions of enlightenment {unknown}
 i - 2 potions of lignification {unknown}
 n - a potion of brilliance {unknown}
 t - a potion of heal wounds {unknown}


   Skills:
 + Level 5.5 Fighting
 + Level 4.7 Axes
 + Level 5.4 Armour
 + Level 5.4 Shields


You had 5 spell levels left.
You didn't know any spells.
Your spell library contained the following spells:

 Spells                   Type           Power      Damage    Failure   Level
 Ensorcelled Hibernation  Hex/Ice        0%         N/A       92%         2
 Fugue of the Fallen      Necr           0%         N/A       99%         3
 Passwall                 Erth           0%         N/A       99%         3
 Summon Ice Beast         Ice/Summ       0%         N/A       99%         3
 Swiftness                Air            0%         N/A       99%         3
 Anguish                  Hex/Necr       0%         N/A       100%        4
 Summon Lightning Spire   Summ/Air       0%         N/A       100%        4
 Malign Gateway           Summ/Tloc      0%         N/A       100%        7


Dungeon Overview and Level Annotations

Branches:
Dungeon (3/15)

Altars:
Sif Muna

Shops:
D:2 :


Innate Abilities, Weirdness & Mutations

You have a pair of horns on your head.
You reflexively headbutt those who attack you in melee.


Message History

You hear the slow rusting of a drain nearby.
The endoplasm hits you but does no damage.
The goblin hits you with a +0 club.
You barely miss the endoplasm.
The endoplasm is lightly wounded.
You completely miss the goblin. The goblin completely misses you.
You furiously retaliate!
You headbutt the goblin!
You kill the goblin!
The endoplasm freezes you.
You are frozen.
You slash the endoplasm!
You kill the endoplasm!
You barely miss Robin. Robin completely misses you.
The adder bites you but does no damage.
Robin hits you with a +4 dagger of electrocution.
You hit Robin.
Robin is moderately wounded.
You closely miss the adder. The adder bites you but does no damage.
Robin hits you with a +4 dagger of electrocution.
The adder bites you but does no damage.
You hit Robin but do no damage. Your headbutt misses Robin.
Robin is moderately wounded.
You closely miss the adder. The adder bites you but does no damage.
Robin says, "Feeling lonely?"
Robin hits you with a +4 dagger of electrocution.
You are electrocuted!
You barely miss Robin. You headbutt Robin.
Robin is heavily wounded.
You closely miss the adder. You block the adder's attack.
Robin hits you but does no damage.
You are electrocuted!
The adder bites you but does no damage.
Robin hits you with a +4 dagger of electrocution.
* * * LOW HITPOINT WARNING * * *
You are electrocuted!
* * * LOW HITPOINT WARNING * * *
You slash Robin!
You kill Robin!
You hit the adder but do no damage. The adder barely misses you.
The adder bites you.
You die...

*****,,##*****,,,,,<,,,,,,,,,,*
********,#..,,**,,,,,,*******,,,*
......##.#....****,,,,*******,*,*
..............,,,,,,,,,,,,,,,,,,,
.............###**,,,,*******,***
.#.#...#.#.#...######### *,,,,
.............#.#.......#********,
.#.#.#.#.#.#.#..)#.#.#..,,,,* *,
............†#)#@S......,,,,* *,
.....#.#.#.#...#)#.#.#$.,,,,* *,
...#.........###........,,,,* *,
..############*#.#.#.#..,,,,** *,
..### *,,,,.........,,,,,***,
..### *,,,,..#......,,,,,,**,
..### *,,,,..##.....,,,,*,,,,
.#### *,,,...#*.....,,,,,,,>,
.#### *,,,,,,**,,,,,,,,,,**,*


You could see an adder.

Vanquished Creatures
  Sigmund (D:2)
  Terence (D:2)
  Natasha (thrice) (D:2)
  Robin (D:3)
  4 gnolls
  An adder (D:2)
  5 dart slugs
  A ribbon worm (D:2)
  7 ball pythons
  5 bats
  7 endoplasms
  3 giant cockroaches
  20 goblins
  7 hobgoblins
  4 jackals (D:2)
  3 quokkas (D:2)
  3 frilled lizards
  8 kobolds
  3 rats
87 creatures vanquished.

Notes
Turn   | Place    | Note
-------+----------+-------------------------------------------
     0 | D:1      | Juicyj the Minotaur Fighter began the quest for the Orb.
     0 | D:1      | Reached XP level 1. HP: 19/19 MP: 0/0
   112 | D:1      | Reached XP level 2. HP: 25/27 MP: 1/1
   423 | D:1      | Found a faded altar of an unknown god.
   432 | D:1      | Prayed at the altar of an unknown god.
   432 | D:1      | Became a worshipper of Sif Muna the Loreminder
   432 | D:1      | Reached * piety under Sif Muna
   433 | D:1      | Fell from the grace of Sif Muna
   449 | D:1      | Got the Monograph on the Legion
   484 | D:1      | Reached XP level 3. HP: 33/33 MP: 2/2
   654 | D:2      | Found Pax Tis's Book Boutique.
   831 | D:2      | Noticed Natasha
   836 | D:2      | Killed Natasha
   837 | D:2      | Reached XP level 4. HP: 41/41 MP: 3/3
   945 | D:2      | Noticed Natasha
   955 | D:2      | Killed Natasha
  1142 | D:2      | Reached XP level 5. HP: 44/47 MP: 4/4
  1252 | D:2      | Noticed Sigmund
  1256 | D:2      | Killed Sigmund
  1257 | D:2      | Reached skill level 5 in Fighting
  1257 | D:2      | Reached skill level 5 in Armour
  1257 | D:2      | Reached skill level 5 in Shields
  1257 | D:2      | Reached XP level 6. HP: 49/56 MP: 5/5
  1308 | D:2      | Noticed Natasha
  1310 | D:2      | Noticed Terence
  1323 | D:2      | Killed Natasha
  1323 | D:2      | HP: 2/56 [Terence/+0 flail of holy wrath (4)]
  1327 | D:2      | Killed Terence
  1801 | D:3      | Noticed Robin
  1815 | D:3      | HP: 1/56 [Robin/+4 dagger of electrocution (11)]
  1816 | D:3      | Killed Robin
  1816 | D:3      | Slain by an adder

Illustrated notes

Levels and vault maps discovered:
D:1:      amcnicky_arrival_blooded_trapdoor, layout_rooms,
          ebering_ecumenical_altar_box
D:2:      minmay_alternating_diamond, layout_basic, serial_shops,
          nicolae_book_shop_shelving, uniq_natasha, uniq_terence, uniq_sigmund
D:3:      layout_basic, mainiacjoe_sewer_entry_somewhere_in_here_2,
          serial_glass, glass_columns_c, glass_columns_c, glass_columns_b,
          glass_columns_a, glass_columns_a, glass_columns_c, glass_columns_a,
          glass_columns_a, glass_columns_a, glass_columns_b, glass_columns_a,
          glass_columns_a, glass_columns_a, glass_columns_a,
          uniq_crazy_yiuf_cottage, uniq_jessica, uniq_robin

Skill      XL: |  1  2  3  4  5 |
---------------+----------------+-----
Shields        | 4 5 |  5.4
Armour         | 4 5 |  5.4
Fighting       | 4 5 |  5.5
Axes           | 3 4 |  4.7

Action                     |  1- 3 |  4- 6 || total
---------------------------+-------+-------++-------
  Melee: War axe           |    81 |    88 ||   169
         Headbutt          |    13 |    13 ||    26
  Throw: Throwing net      |       |     1 ||     1
 Invoke: Renounce Religion |     1 |       ||     1
    Use: Scroll            |       |     1 ||     1
 Armour: Scale mail        |    63 |    89 ||   152
  Dodge: Dodged            |    32 |    38 ||    70
  Block: Buckler           |    26 |    17 ||    43

Table legend: (Time is in decaauts)
 A = Elapsed time spent in this place.
 B = Non-inter-level travel time spent in this place.
 C = Inter-level travel time spent in this place.
 D = Time resting spent in this place.
 E = Time spent auto-exploring this place.
 F = Levels seen in this place.
 G = Mean time per level.
                   A        B        C        D        E       F      G
               +--------+--------+--------+--------+--------+-----+--------+
         Total |   1880 |   1845 |     35 |    228 |   1111 |   3 |  626.7 |
       Dungeon |   1880 |   1845 |     35 |    228 |   1111 |   3 |  626.7 |
               +--------+--------+--------+--------+--------+-----+--------+

Top non-repeatable levels by time:
     D:2: 1140 daAuts
     D:1: 682 daAuts
     D:3: 57 daAuts
